 Dungeon Crawl Stone Soup version 0.25-a0-246-g58704a1ebd (webtiles) character file.

Game seed: 72431279092667700, levelgen mode: deterministic

132 Conn the Firebug (level 5, -17/31 HPs)
             Began as an Octopode Fire Elementalist on Dec 3, 2019.
             Demolished by an ogre
             ... wielding a +0 giant club
              (23 damage)
             ... on level 3 of the Dungeon.
             The game lasted 00:13:04 (3396 turns).

Conn the Firebug (Octopode Fire Elementalist)       Turns: 3396, Time: 00:13:05

Health: -17/31     AC:  1    Str:  7    XL:     5   Next: 15%
Magic:  3/9        EV: 14    Int: 18    God:
Gold:   130        SH:  0    Dex: 13    Spells: 1/9 levels left

rFire    . . .     SeeInvis .   g - +2 dagger (protect)
rCold    . . .     Gourm    .   (no shield)
rNeg     . . .     Faith    .   (helmet restricted)
rPois    .         Spirit   .   (no amulet)
rElec    .         Reflect  .   e - ring of resist corrosion
rCorr    +         Harm     .   (no ring)
MR       .....                  (no ring)
Stlth    +++.......             (no ring)
HPRegen  0.10/turn              (no ring)
MPRegen  0.11/turn              (no ring)
                                (no ring)
                                (no ring)

@: no status effects
A: almost no armour, stealthy swim, amphibious, 8 rings, constrict 8, camouflage
1, gelatinous body 1
a: no special abilities


You were on level 3 of the Dungeon.
You were not hungry.

You visited 1 branch of the dungeon, and saw 4 of its levels.

You collected 130 gold pieces.

Inventory:

Hand Weapons
 d - a +0 dagger
 g - a +2 dagger of protection (weapon)
Jewellery
 e - a ring of resist corrosion (left tentacle)
Scrolls
 c - a scroll of enchant armour {unknown}
 h - 2 scrolls of remove curse
 i - a scroll of magic mapping {unknown}
 j - a scroll of identify
Potions
 a - a potion of agility
Comestibles
 b - 3 rations


   Skills:
 + Level 0.1 Fighting
 + Level 0.1 Short Blades
 + Level 2.6 Dodging
 + Level 3.6 Stealth
 + Level 0.7 Unarmed Combat
 + Level 2.9 Spellcasting
 + Level 1.9 Conjurations
 + Level 0.1 Summonings
 + Level 3.8 Fire Magic


You had one spell level left.
You knew the following spells:

 Your Spells              Type           Power        Failure   Level  Hunger
a - Foxfire               Conj/Fire      ##..         4%          1    None
b - Conjure Flame         Conj/Fire      ##......     16%         3    ###....
c - Inner Flame           Hex/Fire       #.......     22%         3    ###....
d - Summon Small Mammal   Summ           #...         16%         1    None

Your spell library contained the following spells:

 Spells                   Type           Power        Failure   Level  Hunger
 Animate Skeleton         Necr           N/A          17%         1    None
 Apportation              Tloc           #.....       17%         1    None
 Confusing Touch          Hex            #.....       17%         1    None
 Sticky Flame             Conj/Fire      ##......     45%         4    ####...
 Fireball                 Conj/Fire      ##........   80%         5    ######.


Dungeon Overview and Level Annotations

Branches:
Dungeon (4/15)
 Temple: D:4-7

Altars:

Annotations:
D:4 Pikel


Innate Abilities, Weirdness & Mutations

You cannot wear most types of armour.
You are very stealthy in the water. (Stealth+)
You are amphibious.
You can wear up to eight rings at the same time.
You can use your tentacles to constrict eight enemies at once.
Your skin changes colour to match your surroundings (Stealth+).
Your rubbery body absorbs attacks. (AC +1, EV +1)


Message History

You conjure some foxfire!
The ogre misses you.
The foxfire hits the ogre.
The ogre is heavily wounded.
The foxfire hits the ogre.
The ogre is severely wounded.
Casting: Foxfire (safe; 4% risk of failure)
Confirm with . or Enter, or press ? or * to list all spells.
You conjure some foxfire!
The ogre hits you with a +0 giant club!
The foxfire hits the ogre.
The ogre is severely wounded.
The foxfire hits the ogre.
The ogre is almost dead.
The ogre hits you with a +0 giant club!
* * * LOW HITPOINT WARNING * * *
Casting: Foxfire (safe; 4% risk of failure)
Confirm with . or Enter, or press ? or * to list all spells.
You conjure some foxfire!
The ogre hits you with a +0 giant club!!
Ouch! That really hurt!
You die...

......... #.......
####....... ..........
.........###########
.................)<#
#............vv.#
#...........)@..#
##..##........O..#
..................#
...................#########
...........>................
........###.################
K....... #.######## .......
#......... .......
########## #####


You could see an ogre.

Vanquished Creatures
  5 adders
  An ooze (D:3)
  5 worms
  A dart slug (D:2)
  A leopard gecko (D:2)
  An orc (D:3)
  5 giant cockroaches
  4 goblins (D:2)
  9 hobgoblins
  6 jackals (D:2)
  2 quokkas (D:3)
  A ball python (D:3)
  9 bats
  4 frilled lizards
  5 kobolds
  4 rats
63 creatures vanquished.

Vanquished Creatures (collateral kills)
  A goblin (D:2)
  A rat (D:2)
2 creatures vanquished.

Vanquished Creatures (others)
  153 foxfires
153 creatures vanquished.

Grand Total: 218 creatures vanquished

Notes
Turn   | Place    | Note
-------+----------+-------------------------------------------
     0 | D:1      | Conn the Octopode Fire Elementalist began the quest for the
                  | Orb.
     0 | D:1      | Reached XP level 1. HP: 11/11 MP: 3/3
   249 | D:1      | Reached XP level 2. HP: 17/17 MP: 3/5
  1117 | D:2      | Reached XP level 3. HP: 14/21 MP: 1/6
  1741 | D:2      | Reached XP level 4. HP: 27/27 MP: 4/7
  1874 | D:2      | Learned a level 3 spell: Conjure Flame
  1878 | D:2      | Learned a level 3 spell: Inner Flame
  1928 | D:2      | Learned a level 1 spell: Summon Small Mammal
  2550 | D:3      | Noticed an ogre
  2573 | D:4      | Reached XP level 5. HP: 12/31 MP: 5/9
  2798 | D:4      | Noticed a slave
  2798 | D:4      | Noticed a slave
  2799 | D:4      | Noticed Pikel
  2799 | D:4      | Noticed a slave
  2799 | D:4      | Noticed a slave
  3396 | D:3      | Demolished by an ogre

Levels and vault maps discovered:
D:1:      dpeg_arrival_radiant, layout_basic
D:2:      layout_basic, first_ration
D:3:      layout_basic, kennysheep_generic_room_4
D:4:      layout_loops_corners, minmay_temple_entry_hall, uniq_pikel

Skill      XL: |  1  2  3 |
---------------+----------+-----
Stealth        | 3 |  3.6
Fighting       | |  0.1
Short Blades   | |  0.1
Dodging        | |  2.6
Unarmed Combat | |  0.7
Spellcasting   | |  2.9
Conjurations   | |  1.9
Summonings     | |  0.1
Fire Magic     | |  3.8

Action                   |  1- 3 |  4- 6 || total
-------------------------+-------+-------++-------
Melee: Unarmed           |     4 |       ||     4
       Dagger            |     8 |    28 ||    36
       Constrict         |     3 |     7 ||    10
       Tentacles         |     2 |     5 ||     7
 Cast: Foxfire           |    49 |    47 ||    96
       Summon Small Mamm |       |     2 ||     2
       Conjure Flame     |       |     8 ||     8
  Use: Scroll            |     3 |       ||     3
       Potion            |     4 |       ||     4
 Stab: Sleeping          |       |     7 ||     7
  Eat: Chunk             |     3 |     3 ||     6
       Ration            |       |     1 ||     1
Armor: Skin              |     4 |     7 ||    11
Dodge: Dodged            |    37 |    41 ||    78

Table legend:
 A = Non-vault XP
 B = Vault XP
 C = Vault XP percentage of total XP
 D = Non-vault monster count
 E = Vault monster count
 F = Vault count percentage of total count
                 A         B        C        D         E       F
            +---------+---------+-------+---------+---------+-------
      Total |     189 |       0 |   0.0 |      65 |       0 |   0.0
            +---------+---------+-------+---------+---------+-------
        D:1 |      23 |       0 |   0.0 |      15 |       0 |   0.0
        D:2 |      94 |       0 |   0.0 |      30 |       0 |   0.0
        D:3 |      56 |       0 |   0.0 |      18 |       0 |   0.0
        D:4 |      16 |       0 |   0.0 |       2 |       0 |   0.0
            +---------+---------+-------+---------+---------+-------
